AoeStats
← cristophersanmartinabello

Hideout

503722983Analyzed
2v2 RM · 1mo ago on Sep 2, 2026· 64m 8s· 4 players
Game mode
Random Map
Map size
Medium (4 player)
Population
200
Speed
Normal
Resources
Standard
Victory
Conquest
Starting age
Dark Age
Ending age
Imperial Age
RankedLock teamsTeams togetherTeam positionsShared explorationLock speedFull tech treeHidden civsTurbo modeCheats
Victory
Defeat
🇲🇽 Bohemians · Mexico
1008
+14
🇲🇽 Lithuanians · Mexico
1006
+14
🇨🇱 Sicilians · Chile
1034
-17
899
-30
I´L PLF
5:07 Loom
10:28 Feudal Age
12:50 Wheelbarrow
12:19 Double-Bit Axe
12:18 Horse Collar
12:43 Scale Mail Armor
13:53 Forging
24:20 Castle Age
25:21 Chain Mail Armor
24:29 Pikeman
29:44 Gold Mining
30:22 Bow Saw
31:00 Squires
30:46 Arson
32:28 Fletching
34:22 Heavy Plow
35:50 Light Cavalry
36:40 Bloodlines
36:35 Husbandry
38:27 Iron Casting
39:16 Scale Barding Armor
43:59 Imperial Age
42:20 Chain Barding Armor
43:18 Bodkin Arrow
45:30 Plate Barding Armor
45:28 Halberdier
46:46 Plate Mail Armor
47:17 Blast Furnace
48:48 Elite Serjeant
49:58 Hand Cart
55:35 Siege Engineers
56:12 Conscription
58:50 Bracer
cristophersanmartinabello
2:16 Loom
12:08 Feudal Age
13:53 Wheelbarrow
17:49 Fletching
21:11 Arson
23:30 Castle Age
21:33 Stone Mining
21:57 Scale Mail Armor
23:54 Forging
23:45 Padded Archer Armor
25:10 Squires
27:34 Ballistics
36:35 Murder Holes
38:07 Husbandry
42:06 Double-Bit Axe
42:33 Scale Barding Armor
42:44 Masonry
42:22 Horse Collar
50:06 Hand Cart
Rulo
4:48 Loom
10:04 Feudal Age
11:09 Feudal Age
16:38 Castle Age
14:55 Double-Bit Axe
15:46 Forging
15:37 Scale Mail Armor
15:50 Scale Barding Armor
19:26 Bloodlines
29:59 Fervor
31:40 Gold Mining
32:39 Husbandry
33:33 Murder Holes
35:51 Pikeman
42:47 Imperial Age
41:05 Stone Mining
41:02 Town Watch
41:35 Horse Collar
43:10 Ballistics
43:26 Wheelbarrow
42:51 Fletching
45:48 Chemistry
46:46 Tower Shields
47:09 Conscription
48:09 Cavalier
51:26 Halberdier
54:22 Light Cavalry
NeoGraieb
11:30 Feudal Age
12:28 Loom
15:51 Castle Age
19:46 Fletching
25:45 Horse Collar
29:42 Chemistry
35:08 Husbandry
35:43 Town Watch
43:21 Ballistics
44:01 Wheelbarrow
43:27 Town Patrol
44:32 Pikeman
45:49 Double-Bit Axe
46:55 Murder Holes
49:30 Forging
49:22 Scale Mail Armor
55:57 Arson
56:13 Squires
59:45 Imperial Age
58:53 Bodkin Arrow
58:59 Padded Archer Armor
Connection lost

Rejoining the realm…

Still unreachable

The connection could not be restored.

Session expired

The server has moved on; the page needs a fresh start.